 Dungeon Crawl Stone Soup version 0.28.0-53-g5a82cb258f (webtiles) character file.

Game seed: 16978938265815906629

4262 KrombopulosMichael the Thaumaturge (level 10, -12/79 HPs)
             Began as a Formicid Cinder Acolyte on June 17, 2022.
             Was an Elder of Ignis.
             Mangled by a two-headed ogre
             ... wielding a +0 giant spiked club
              (20 damage)
             ... on level 9 of the Dungeon.
             The game lasted 00:27:14 (9926 turns).

KrombopulosMichael the Thaumaturge (FoCA)           Turns: 9926, Time: 00:27:15

Health: -12/79     AC:  8    Str: 20    XL:     10   Next: 56%
Magic:  7/24       EV:  7    Int: 13    God:    Ignis [****..]
Gold:   93         SH:  3    Dex: 10    Spells: 27/29 levels left

rFire   + . .      SeeInvis +   a - +1 spear (flame)
rCold   . . .      Faith    .   u - +0 buckler
rNeg    . . .      Spirit   .   s - +0 chain mail
rPois   .          Reflect  .   (helmet unavailable)
rElec   .          Harm     .   q - +0 cloak
rCorr   .          Rampage  .   (no gloves)
Will    ++...                   g - +1 pair of boots
Stlth   ..........              d - amulet of the acrobat
HPRegen 0.23/turn               i - ring of willpower
MPRegen 0.19/turn               (no ring)

@: very slightly contaminated
A: permanent stasis, dig shafts and tunnels, antennae 3, four strong arms, beak,
deformed body
a: Dig, Shaft Self, Renounce Religion, Fiery Armour, Foxfire Swarm


You were on level 9 of the Dungeon.
You worshipped Ignis.
Ignis was greatly pleased with you.
You visited 2 branches of the dungeon, and saw 10 of its levels.

You collected 422 gold pieces.
You spent 329 gold pieces at shops.

Inventory:

Hand Weapons
 a - a +1 spear of flaming (weapon)
 x - a +0 quarterstaff
Missiles
 k - a boomerang of dispersal
 m - a throwing net
Armour
 g - a +1 pair of boots (worn)
 l - +0 acid dragon scales
 q - a +0 cloak (worn)
 s - a +0 chain mail (worn)
 u - a +0 buckler (worn)
Jewellery
 d - an amulet of the acrobat (around neck)
 i - a ring of willpower (left hand)
Wands
 e - a wand of mindburst (8)
 o - a wand of digging (2)
 p - a wand of flame (1)
 r - a wand of acid (12)
Scrolls
 b - 3 scrolls of immolation
 j - a scroll of amnesia
 n - a scroll of fear
 t - a scroll of torment {unknown}
 v - a scroll of enchant armour
 y - 4 scrolls of identify
Potions
 c - 2 potions of flight
 f - a potion of berserk rage
 h - a potion of curing
 w - a potion of cancellation


   Skills:
 * Level 7.5 Fighting
 + Level 4.9 Polearms
 + Level 4.2 Armour
 + Level 1.7 Dodging
 + Level 0.8 Stealth
 * Level 10.0 Spellcasting
 + Level 7.0 Fire Magic
 + Level 0.3 Evocations


You had 27 spell levels left.
You knew the following spells:

 Your Spells              Type           Power      Damage    Failure   Level
a - Scorch                Fire           48%        2d7       12%         2

Your spell library contained the following spells:

 Spells                   Type           Power      Damage    Failure   Level
 Lesser Beckoning         Tloc           6%         N/A       99%         3
 Manifold Assault         Tloc           6%         N/A       100%        5
 Blink                    Tloc           Unusable   N/A       N/A         2

Dungeon Overview and Level Annotations

Branches:
Dungeon (9/15)             Temple (1/1) D:7
   Lair: D:8-11         Orc: D:9-12

Altars:
Ashenzari
Cheibriados
Dithmenos
Elyvilon
Fedhas
Gozag
Hepliaklqana
Kikubaaqudgha
Makhleb
Nemelex Xobeh
Okawaru
Qazlal
Ru
Sif Muna
Trog
Uskayaw
Vehumet
Wu Jian
Xom
Yredelemnul
Zin
The Shining One

Shops:
D:6 ?

Annotations:
D:6 1 runed translucent door, Brotato's ghost, novice OgFi


Innate Abilities, Weirdness & Mutations

You cannot be hasted, slowed, berserked, paralysed or teleported.
You can dig through walls and to a lower floor.
You have a pair of large antennae on your head. (SInv)
Your four strong arms can wield two-handed weapons with a shield.
You have a beak for a mouth.
Armour fits poorly on your strangely shaped body.


Message History

The two-headed ogre barely misses you. You block the two-headed ogre's attack.
Unknown command.
Unknown command.
Casting: Scorch (safe; 12% risk of failure)
Confirm with . or Enter, or press ? or * to list all spells.
Flames lash the two-headed ogre.
The two-headed ogre is burned terribly!
The two-headed ogre is heavily wounded.
The two-headed ogre closely misses you.
The two-headed ogre hits you with a +0 giant club!!
Unknown command.
Unknown command.
Casting: Scorch (safe; 12% risk of failure)
Confirm with . or Enter, or press ? or * to list all spells.
Flames lash the two-headed ogre.
The two-headed ogre is burned terribly!
The two-headed ogre is severely wounded.
The two-headed ogre barely misses you.
The two-headed ogre hits you with a +0 giant club!!
Unknown command.
Unknown command.
Casting: Scorch (safe; 12% risk of failure)
Confirm with . or Enter, or press ? or * to list all spells.
Flames lash the two-headed ogre.
The two-headed ogre is severely wounded.
The two-headed ogre hits you with a +0 giant spiked club!
The two-headed ogre hits you with a +0 giant club!!
* * * LOW HITPOINT WARNING * * *
Unknown command.
Casting: Scorch (safe; 12% risk of failure)
Confirm with . or Enter, or press ? or * to list all spells.
Flames lash the two-headed ogre.
The two-headed ogre is burned terribly!
The two-headed ogre is almost dead.
Unknown command.
Unknown command.
Casting: Scorch (safe; 12% risk of failure)
Confirm with . or Enter, or press ? or * to list all spells.
Flames lash the two-headed ogre.
The two-headed ogre is burned terribly!
The two-headed ogre is almost dead.
You block the two-headed ogre's attack.
The two-headed ogre hits you with a +0 giant club!!
You die...

#..................
#..................
#....##'#######....
#....##.##...##)###
#..............))..
#..............(...
#..................
#..................
##@#######'####..##
#.O....###..####+##
#......#....#......
#......#....#......
#......#....#......
#......#....##...##
#......#....##...##
#......#.........##
#......##...##....#


You could see a two-headed ogre (combustible).

Vanquished Creatures
  Pikel (D:4)
  A hornet (D:7)
  Sigmund (D:6)
  A shadow (D:8)
  A wyvern (D:6)
  2 acid dragons
  An ice beast (D:7)
  3 necrophages
  2 black bears
  2 ogres (D:4)
  4 centaurs
  A phantom (D:6)
  2 kobold brigands
  2 bullfrogs (D:8)
  A scorpion (D:5)
  2 gnoll sergeants
  A water moccasin zombie (D:3)
  A water moccasin skeleton (D:3)
  4 killer bees
  3 wights (D:7)
  2 howler monkeys (D:8)
  4 hounds
  A jelly (D:5)
  4 orc priests
  3 centaur skeletons
  2 bullfrog skeletons
  2 iguanas
  7 orc wizards
  7 gnolls
  2 howler monkey skeletons
  4 adders
  2 white imps
  2 adder skeletons
  A worm (D:2)
  3 dart slugs
  38 orcs
  6 endoplasms
  A giant cockroach (D:4)
  5 goblins
  6 hobgoblins
  7 jackals
  A quokka (D:4)
  5 ball pythons
  4 bats
  A frilled lizard (D:3)
  14 kobolds
  5 rats
  A butterfly (D:7)
176 creatures vanquished.

Vanquished Creatures (others)
  17 foxfires
17 creatures vanquished.

Grand Total: 193 creatures vanquished

Notes
Turn   | Place    | Note
-------+----------+-------------------------------------------
     0 | D:1      | KrombopulosMichael the Formicid Cinder Acolyte began the
                  | quest for the Orb.
     0 | D:1      | Reached XP level 1. HP: 18/18 MP: 2/2
   313 | D:1      | Reached XP level 2. HP: 22/24 MP: 3/3
   801 | D:2      | Learned a level 2 spell: Scorch
   903 | D:2      | Reached XP level 3. HP: 29/29 MP: 4/4
  1622 | D:3      | Reached XP level 4. HP: 37/37 MP: 1/6
  1622 | D:3      | Reached XP level 5. HP: 42/42 MP: 1/7
  1745 | D:3      | Reached skill level 1 in Dodging
  1910 | D:3      | Reached skill level 2 in Spellcasting
  1925 | D:3      | Reached skill level 1 in Armour
  1925 | D:3      | Reached XP level 6. HP: 40/48 MP: 2/9
  1967 | D:3      | HP: 2/48 [orc priest/nerve-wracking pain (7)]
  1970 | D:3      | Reached skill level 3 in Spellcasting
  2626 | D:3      | Found a faded altar of an unknown god.
  2925 | D:4      | Reached XP level 7. HP: 34/55 MP: 2/12
  2935 | D:4      | Noticed Pikel
  2971 | D:4      | Killed Pikel
  2972 | D:4      | Reached skill level 5 in Fighting
  2972 | D:4      | Reached skill level 4 in Spellcasting
  2972 | D:4      | Reached XP level 8. HP: 22/62 MP: 1/15
  2980 | D:5      | Entered Level 5 of the Dungeon
  3086 | D:5      | Reached skill level 5 in Spellcasting
  4344 | D:4      | Reached skill level 6 in Spellcasting
  4344 | D:4      | Reached skill level 5 in Fire Magic
  5002 | D:4      | Reached XP level 9. HP: 62/69 MP: 14/19
  5284 | D:5      | Reached skill level 7 in Spellcasting
  5634 | D:6      | Found Waoriefi's Magic Scroll Shoppe.
  5955 | D:6      | Found a runed translucent door.
  5955 | D:6      | Noticed Brotato's ghost (novice OgFi)
  5999 | D:6      | Noticed Sigmund
  6028 | D:6      | Killed Sigmund
  6029 | D:6      | Reached skill level 8 in Spellcasting
  6148 | D:6      | Bought a scroll of noise for 14 gold pieces
  6148 | D:6      | Bought a scroll of enchant weapon for 105 gold pieces
  6148 | D:6      | Bought a scroll of identify for 28 gold pieces
  6441 | D:6      | Found a white marble altar of Elyvilon.
  6919 | D:7      | Found a staircase to the Ecumenical Temple.
  7156 | D:7      | Noticed a hornet
  7162 | D:7      | Killed a hornet
  7288 | D:7      | Reached XP level 10. HP: 76/76 MP: 19/22
  7409 | D:7      | Reached skill level 9 in Spellcasting
  8061 | Temple   | Entered the Ecumenical Temple
  8284 | D:7      | HP: 5/115 [poisoned by a killer bee]
  8287 | D:7      | HP: 2/115 [poisoned by a killer bee]
  8288 | D:7      | Gained mutation: Armour fits poorly on your strangely
                  | shaped body. [potion of mutation]
  8288 | D:7      | Gained mutation: You have a beak for a mouth. [potion of
                  | mutation]
  8936 | D:8      | Found a glowing silver altar of Zin.
  9480 | D:9      | Reached skill level 10 in Spellcasting
  9554 | D:9      | Noticed a two-headed ogre
  9804 | D:6      | Bought a scroll of immolation for 49 gold pieces
  9804 | D:6      | Bought a scroll of immolation for 49 gold pieces
  9804 | D:6      | Bought a scroll of identify for 28 gold pieces
  9804 | D:6      | Bought a scroll of identify for 28 gold pieces
  9804 | D:6      | Bought a scroll of identify for 28 gold pieces
  9926 | D:9      | Mangled by a two-headed ogre

Illustrated notes

Levels and vault maps discovered:
D:1:      dpeg_arrival_chambers_temple_mockup, layout_basic,
          serial_bayou_crossing
D:2:      layout_loops_ring, corexii_hall_statues_deadend
D:3:      layout_rooms, ebering_ecumenical_altar_abandoned,
          corexii_item_surrounded_by_moat
D:4:      layout_loops_cross, minmay_vboxes, uniq_pikel
D:5:      layout_layer_cave
D:6:      layout_rooms, elyvilon_altar_1, hellmonk_ghost_happy_afterlife,
          serial_shops, shop, corexii_hall_statues_i, uniq_sigmund
D:7:      layout_basic, minmay_temple_entry_butterflies, grunt_decor_arrowhead
D:8:      layout_rooms, zin_treasury, minmay_parallelograms
D:9:      layout_gridville, lair_entry_dummy, uniq_maggie, uniq_psyche
Temple:   regret_index_temple_chain_breaker

Skill      XL: |  1  2  3  4  5  6  7  8  9 10 |
---------------+-------------------------------+-----
Polearms       | 4 |  4.9
Fighting       | 4 5 6 7 |  7.5
Dodging        | 1 |  1.7
Spellcasting   | 2 3 4 6 8 10 | 10.0
Armour         | 1 2 3 4 |  4.2
Fire Magic     | 4 5 6 7 |  7.0
Stealth        | |  0.8
Evocations     | |  0.3

Action                   |  1- 3 |  4- 6 |  7- 9 | 10-12 || total
-------------------------+-------+-------+-------+-------++-------
Melee: Spear             |    96 |    61 |   171 |    23 ||   351
       Punch             |     1 |       |     2 |       ||     3
 Cast: Scorch            |     5 |    34 |   111 |    75 ||   225
Invok: Foxfire Swarm     |       |     1 |       |     1 ||     2
       Fiery Armour      |       |     1 |       |       ||     1
       Rising Flame      |       |       |       |     1 ||     1
Evoke: Wand              |       |       |    14 |     6 ||    20
  Use: Scroll            |     3 |     3 |     7 |       ||    13
       Potion            |     1 |     5 |     1 |     4 ||    11
Armor: Robe              |     7 |       |     3 |       ||    10
       Scale mail        |    15 |    19 |    55 |       ||    89
       Skin              |    10 |       |       |       ||    10
       Chain mail        |       |       |    15 |    37 ||    52
Dodge: Dodged            |    27 |    21 |   116 |    29 ||   193
Block: Buckler           |       |       |       |     9 ||     9
